 Dungeon Crawl Stone Soup version 0.28.0-53-g5a82cb258f (webtiles) character file.

Game seed: 7366955897288475951

75 SanguineChosen the Skirmisher (level 4, 0/29 HPs)
             Began as a Gargoyle Fighter on July 18, 2022.
             Slain by Sigmund
             ... wielding a +0 scythe
              (4 damage)
             ... on level 3 of the Dungeon.
             The game lasted 00:02:04 (2195 turns).

SanguineChosen the Skirmisher (Gargoyle Fighter)    Turns: 2195, Time: 00:02:05

Health: 0/29       AC: 10    Str: 21    XL:     4   Next: 31%
Magic:  4/4        EV:  9    Int:  9    God:
Gold:   148        SH:  4    Dex:  9    Spells: 3/3 levels left

rFire   . . .      SeeInvis .   a - +0 flail
rCold   . . .      Faith    .   c - +0 buckler
rNeg    + . .      Spirit   .   b - +0 scale mail
rPois   ∞          Reflect  .   (no helmet)
rElec   +          Harm     .   (no cloak)
rCorr   .          Rampage  .   (no gloves)
Will    .....                   (no boots)
Stlth   ..........              (no amulet)
HPRegen 0.09/turn               (no ring)
MPRegen 0.09/turn               (no ring)

@: mighty
A: sickness immunity, AC +3, negative energy resistance 1, electricity
resistance, torment resistance 1, petrification resistance
a: no special abilities


You were on level 3 of the Dungeon.
You visited 1 branch of the dungeon, and saw 3 of its levels.

You collected 148 gold pieces.

Inventory:

Hand Weapons
 a - a +0 flail (weapon)
Armour
 b - a +0 scale mail (worn)
 c - a +0 buckler (worn)
Scrolls
 e - 2 scrolls of acquirement {unknown}
 f - a scroll of fear {unknown}


   Skills:
 + Level 4.0 Fighting
 + Level 3.2 Maces & Flails
 + Level 3.7 Armour
 + Level 0.1 Dodging
 + Level 3.6 Shields


You had 3 spell levels left.
You didn't know any spells.
Your spell library was empty.

Dungeon Overview and Level Annotations

Branches:
Dungeon (3/15)

Altars:

Annotations:
D:3 Sigmund


Innate Abilities, Weirdness & Mutations

You are immune to sickness and miasma.
Your stone body is resilient. (AC +3)
You are immune to poison.
You resist negative energy. (rN+)
You are resistant to electric shocks. (rElec)
You are resistant to unholy torment.
You are immune to petrification.


Message History

You now have 145 gold pieces (gained 4).
You now have 148 gold pieces (gained 3).
You see here a +0 club.
Found an escape hatch in the ceiling.
There is an open door here.
Done exploring.
Done exploring.
There is an open door here.
There is a stone staircase leading up here.
There is a stone staircase leading down here.
You climb downwards.
There is a stone staircase leading up here.
You open the door.
Sigmund the Dreaded comes into view.
He is wielding a +0 scythe.
Sigmund shouts!
You feel very mighty all of a sudden. Sigmund closely misses you.
A hobgoblin comes into view.
The hobgoblin shouts!
Sigmund points at you and mumbles some strange words.
You are confused.
There is an open door here.
You bump into the rock wall.
Sigmund hits you with a +0 scythe. Sigmund barely misses you.
You bump into the rock wall.
You bump into the rock wall.
Sigmund gestures at you while chanting. The magic dart hits you.
You're too confused to move!
Sigmund hits you from afar with a +0 scythe!
You bump into the rock wall.
You feel less confused.
Sigmund points at you and mumbles some strange words.
The puff of flame hits you!
* * * LOW HITPOINT WARNING * * *
You barely miss the hobgoblin. The hobgoblin barely misses you.
You block Sigmund's attack.
You barely miss the hobgoblin. The hobgoblin barely misses you.
Sigmund hits you from afar with a +0 scythe.
You die...

####### .......
####### .......
#.....# .......
###.....##@......
........@g.......
###.....##.......
#.....##.......
#.....<##+####.
#......# ######.#
#.. #... #....


You could see Sigmund and a hobgoblin.

Vanquished Creatures
  A gnoll (D:1)
  2 adders (D:2)
  A worm (D:2)
  A dart slug (D:1)
  2 endoplasms
  2 hobgoblins
  2 quokkas
  5 ball pythons (D:1)
  9 bats
  12 frilled lizards
  4 goblins
  2 kobolds (D:1)
  3 rats
46 creatures vanquished.

Notes
Turn   | Place    | Note
-------+----------+-------------------------------------------
     0 | D:1      | SanguineChosen the Gargoyle Fighter began the quest for the
                  | Orb.
     0 | D:1      | Reached XP level 1. HP: 14/14 MP: 1/1
    31 | D:1      | Found a faded altar of an unknown god.
   296 | D:1      | Reached XP level 2. HP: 11/19 MP: 2/2
   704 | D:1      | Reached XP level 3. HP: 24/24 MP: 3/3
  1536 | D:2      | Reached skill level 4 in Fighting
  1700 | D:2      | Reached XP level 4. HP: 24/29 MP: 4/4
  2182 | D:3      | Noticed Sigmund
  2195 | D:3      | Slain by Sigmund

Illustrated notes

Levels and vault maps discovered:
D:1:      dpeg_arrival_court, layout_basic,
          hellmonk_ecumenical_altar_crossroads, minmay_lizard_pond
D:2:      layout_basic
D:3:      minmay_bubble_buster, layout_basic, amcnicky_mini_corridor_feature,
          uniq_natasha, uniq_sigmund

Skill      XL: |  1  2  3 |
---------------+----------+-----
Fighting       | 4 |  4.0
Maces & Flails | 3 |  3.2
Armour         | |  3.7
Dodging        | |  0.1
Shields        | |  3.6

Action                   |  1- 3 |  4- 6 || total
-------------------------+-------+-------++-------
Melee: Flail             |   122 |    32 ||   154
  Use: Potion            |       |     1 ||     1
Armor: Scale mail        |    95 |    18 ||   113
Dodge: Dodged            |    84 |    21 ||   105
Block: Buckler           |    34 |     7 ||    41
